 Dungeon Crawl Stone Soup version 0.25.1-2-g60ff931df9 (webtiles) character file.

Game seed: 13807102378293739615

3423 Rakdos the Cleaver (level 9, -9/121 HPs)
             Began as a Minotaur Berserker on Aug 13, 2020.
             Was a High Priest of Trog.
             Mangled by a two-headed ogre
             ... wielding a +0 giant club
              (18 damage)
             ... on level 8 of the Dungeon.
             The game lasted 00:25:26 (8681 turns).

Rakdos the Cleaver (Minotaur Berserker)             Turns: 8681, Time: 00:25:27

Health: -9/121     AC:  8    Str: 25    XL:     9   Next: 76%
Magic:  8/8        EV: 13    Int:  4    God:    Trog [*****.]
Gold:   165        SH:  3    Dex: 10    Spells: 8/8 levels left

rFire    . . .     SeeInvis .   y - +0 broad axe
rCold    . . .     Gourm    .   n - +0 buckler
rNeg     . . .     Faith    .   K - +3 leather armour
rPois    .         Spirit   .   (helmet restricted)
rElec    .         Reflect  .   (no cloak)
rCorr    .         Harm     .   t - +0 pair of gloves
MR       .....                  (no boots)
Stlth    ..........             (no amulet)
HPRegen  0.30/turn              (no ring)
MPRegen  0.11/turn              (no ring)

@: berserking, drained, very quick
A: retaliatory headbutt, horns 2
a: Berserk, Trog's Hand, Brothers in Arms, Renounce Religion


You were on level 8 of the Dungeon.
You worshipped Trog.
Trog was extremely pleased with you.
You were hungry.

You visited 1 branch of the dungeon, and saw 8 of its levels.
You also visited: Sewer.

You collected 378 gold pieces.
You spent 213 gold pieces at shops.

Inventory:

Hand Weapons
 a - a +0 hand axe
 k - a +0 hand axe
 q - a +2 mace of protection
 y - a +0 broad axe (weapon)
 F - a +2 flail of protection
 G - a +0 war axe
 L - a +0 shortbow
 O - a +0 vorpal quarterstaff
 P - the cursed +2 giant spiked club "Luemies" {protect, rPois SInv, unknown}
   (You bought it in a shop on level 7 of the Dungeon)

   It grants its wielder temporary protection when it strikes (+7 to AC).
   It protects you from poison.
   It lets you see invisible.
   It has a curse placed upon it.
Missiles
 M - 41 arrows
Armour
 b - a +0 animal skin
 j - a +0 ring mail
 n - a +0 buckler (worn)
 t - a +0 pair of gloves (worn)
 D - a +0 ring mail
 J - a +2 scale mail of poison resistance
 K - a +3 leather armour (worn)
Jewellery
 o - an uncursed amulet of magic regeneration {unknown}
 p - an uncursed ring of resist corrosion {unknown}
 E - an uncursed amulet of regeneration {unknown}
 I - an uncursed ring of protection from fire {unknown}
 N - the ring of Xoer {rElec rF+, unknown}
   (You found it on level 6 of the Dungeon)

   [ring of protection from fire]

   It protects you from fire.
   It insulates you from electricity.
 Q - an uncursed ring of protection from magic {unknown}
Wands
 x - a wand of acid (2)
Scrolls
 d - 2 scrolls of magic mapping {unknown}
 f - 8 scrolls of identify {unknown}
 g - 2 scrolls of amnesia {unknown}
 i - 6 scrolls of remove curse {unknown}
 w - 3 scrolls of teleportation {unknown}
 A - 2 scrolls of enchant weapon {unknown}
 B - a scroll of blinking {unknown}
 C - a scroll of fog {unknown}
Potions
 e - 3 potions of heal wounds {unknown}
 h - a potion of brilliance {unknown}
 l - a potion of degeneration {unknown}
 m - 2 potions of invisibility {unknown}
 r - 2 potions of might {unknown}
 s - a potion of resistance {unknown}
 u - 2 potions of flight {unknown}
 v - 2 potions of lignification {unknown}
 z - a potion of berserk rage
 H - 2 potions of curing {unknown}
Comestibles
 c - 14 rations
 R - 10 chunks of flesh


   Skills:
 + Level 7.8(7.0) Fighting
 + Level 11.6(10.8) Axes
 + Level 6.3(5.6) Armour
 + Level 7.0(6.3) Dodging
 + Level 2.1(1.5) Stealth
 - Level 1.1(0.5) Shields


You had 8 spell levels left.
You didn't know any spells.
Your spell library was empty.

Dungeon Overview and Level Annotations

Branches:
Dungeon (8/15)             Temple (0/1) D:5           Sewer (visited)
   Lair: D:8-11

Altars:
Cheibriados
Dithmenos
Gozag
Nemelex Xobeh
Okawaru
Qazlal

Shops:
D:7 (


Innate Abilities, Weirdness & Mutations

You reflexively headbutt those who attack you in melee.
You have a pair of horns on your head.


Message History

The wight barely misses you.
You slash the wight!
You destroy the wight!
Trog accepts your kill.
A killer bee comes into view.
You barely miss the wight.
You headbutt the wight, but do no damage.
You hit the two-headed ogre but do no damage.
The wight hits you but does no damage.
The two-headed ogre hits you with a +0 giant club!! x2
* * * LOW HITPOINT WARNING * * *
You are too injured to fight recklessly!
A red film seems to cover your vision as you go berserk!
You feel yourself moving faster!
You feel mighty!
You are feeling hungry.
The wight barely misses you.
The two-headed ogre hits you with a +0 giant club!!
* * * LOW HITPOINT WARNING * * *
The two-headed ogre hits you with a +0 giant club!!
You die...

#... #.....# #...
##...## #...
########.####
###...####...#.>.)...#
...............##)##.#
...............##.......
.....................#..
.#...#O##...#..##.#.# .
#. #@###..........# #z#
#####.#.##.# #.# .### #
.y# .. ..# ..# #..# #..#
#..#


You could see a two-headed ogre, a killer bee and a wight.

Vanquished Creatures
  Prince Ribbit (D:5)
  Edmund (D:5)
  2 orc warriors
  A black bear (D:7)
  4 ice beasts
  2 ogres
  A phantom (D:6)
  A sky beast (D:8)
  3 centaurs
  A wyvern zombie (D:7)
  5 bullfrogs
  A wyvern skeleton (D:6)
  A scorpion (D:7)
  2 wights (D:8)
  4 howler monkeys
  5 crimson imps
  2 bullfrog zombies
  2 orc priests
  6 orc wizards
  2 hounds
  A jelly (D:7)
  Crazy Yiuf (D:5)
  A centaur skeleton (D:7)
  Jessica (D:2)
  An iguana (D:8)
  7 worker ants
  3 gnolls (D:5)
  10 adders
  2 shadow imps (D:5)
  8 oozes (Sewer)
  A worm (D:3)
  7 dart slugs
  15 leopard geckos
  23 orcs
  9 ball pythons (Sewer)
  19 giant cockroaches
  6 goblins
  12 hobgoblins
  3 quokkas
  A ball python skeleton (D:6)
  8 bats
  15 frilled lizards
  9 kobolds
  A leopard gecko zombie (D:5)
  5 rats
216 creatures vanquished.

Notes
Turn   | Place    | Note
-------+----------+-------------------------------------------
     0 | D:1      | Rakdos the Minotaur Berserker began the quest for the Orb.
     0 | D:1      | Reached XP level 1. HP: 19/19 MP: 0/0
   355 | D:1      | Reached XP level 2. HP: 19/27 MP: 1/1
   868 | D:1      | Reached skill level 4 in Axes
   900 | D:1      | Reached XP level 3. HP: 33/33 MP: 2/2
  1172 | D:2      | Reached ** piety under Trog
  1222 | D:2      | Found a sparkling altar of Nemelex Xobeh.
  1358 | D:2      | Noticed Jessica
  1368 | D:2      | Killed Jessica
  1368 | D:2      | Reached XP level 4. HP: 41/41 MP: 3/3
  1826 | D:3      | Reached XP level 5. HP: 35/47 MP: 4/4
  2263 | D:3      | Reached skill level 5 in Axes
  2380 | D:4      | Found a shadowy altar of Dithmenos.
  2491 | D:4      | Reached skill level 5 in Fighting
  2624 | D:4      | Reached XP level 6. HP: 54/56 MP: 5/5
  2785 | D:4      | Reached *** piety under Trog
  2836 | D:4      | Found an iron altar of Okawaru.
  3453 | D:5      | Entered Level 5 of the Dungeon
  3464 | D:5      | Reached skill level 6 in Axes
  3567 | D:5      | Noticed Prince Ribbit
  3690 | D:5      | Found a snail-covered altar of Cheibriados.
  3811 | D:5      | Found a glowing drain.
  3820 | Sewer    | Entered a sewer
  4152 | Sewer    | Reached XP level 7. HP: 61/61 MP: 6/6
  4183 | Sewer    | Reached **** piety under Trog
  4356 | Sewer    | Reached skill level 7 in Axes
  4419 | D:5      | Found a staircase to the Ecumenical Temple.
  4654 | D:5      | Noticed Edmund
  4666 | D:5      | Killed Edmund
  4666 | D:5      | Reached skill level 5 in Dodging
  4666 | D:5      | Reached skill level 1 in Stealth
  4715 | D:5      | Killed Prince Ribbit
  4715 | D:5      | Reached skill level 8 in Axes
  4715 | D:5      | Reached skill level 5 in Armour
  4715 | D:5      | Reached skill level 1 in Shields
  4715 | D:5      | Reached XP level 8. HP: 57/70 MP: 7/7
  5230 | D:5      | Found a runed translucent door.
  5231 | D:5      | Noticed Crazy Yiuf
  5678 | D:5      | Killed Crazy Yiuf
  5881 | D:6      | Reached skill level 9 in Axes
  6222 | D:6      | Found an opulent altar of Gozag.
  6373 | D:6      | Found a stormy altar of Qazlal.
  6842 | D:6      | Reached skill level 10 in Axes
  6842 | D:6      | Reached XP level 9. HP: 59/78 MP: 8/8
  7041 | D:6      | Got a glittering bone ring
  7689 | D:7      | Reached ***** piety under Trog
  7736 | D:7      | Found Ruischeu's Antique Weapon Shop.
  7746 | D:7      | Bought a brightly glowing giant spiked club for 213 gold
                  | pieces
  8204 | D:7      | Reached skill level 11 in Axes
  8675 | D:8      | Noticed a two-headed ogre
  8681 | D:8      | Mangled by a two-headed ogre

Illustrated notes

Levels and vault maps discovered:
D:1:      shiori_arrival_elements, layout_basic, minmay_pentomino_s4
D:2:      layout_rooms, nemelex_xobeh_ov_fountains_minmay, uniq_jessica
D:3:      layout_rooms
D:4:      corexii_shack_village, layout_cave_pools,
          nicolae_dithmenos_shadow_blocks, kennysheep_okawaru_gauntlet,
          first_ration, serial_forest, infiniplex_forest_end_2,
          infiniplex_forest_end_2, infiniplex_forest_clump_medium,
          infiniplex_forest_straight_5
D:5:      layout_gridville, kennysheep_slug_shrine,
          minmay_temple_entry_large_hall, portal_sewer_entry_d,
          roderic_lattice_a, uniq_crazy_yiuf_cottage, uniq_prince_ribbit1,
          uniq_edmund
D:6:      minmay_clustersquares, layout_loops_ring, nicolae_gozag_seed_capital,
          lemuel_coloured_pillars_altar, hangedman_decor_diamond_cutter,
          st_stairs_14, chequers_serial_rivers_small_a
D:7:      layout_loops_corners, serial_shops, shop_statue
D:8:      layout_loops_cross, zin_scriptorium, grunt_livestock,
          serial_park_tiny_pond

Skill      XL: |  1  2  3  4  5  6  7  8  9 |
---------------+----------------------------+-----
Fighting       | 4 5 6 7 |  7.8
Axes           | 4 5 6 8 10 11 | 11.6
Dodging        | 3 4 5 6 7 |  7.0
Armour         | 3 4 5 6 |  6.3
Stealth        | 1 2 |  2.1
Shields        | 1 |  1.1

Action                   |  1- 3 |  4- 6 |  7- 9 || total
-------------------------+-------+-------+-------++-------
Melee: Hand axe          |    76 |    89 |       ||   165
       Headbutt          |    11 |    30 |    43 ||    84
       Broad axe         |       |   103 |   288 ||   391
Invok: Berserk           |       |     1 |     4 ||     5
 Stab: Sleeping          |       |       |     1 ||     1
  Eat: Chunk             |     1 |    11 |    14 ||    26
       Ration            |       |       |     1 ||     1
Armor: Animal skin       |     8 |       |       ||     8
       Ring mail         |    13 |    79 |    39 ||   131
       Leather armour    |       |       |    48 ||    48
Dodge: Dodged            |    59 |   116 |   195 ||   370
Block: Buckler           |       |    27 |    41 ||    68
